AoeStats
← DrJacobsMD

Acropolis

503688064Analyzed
1v1 RM · 1mo ago on Sep 1, 2026· 44m 14s· 2 players
Game mode
Random Map
Map size
Tiny (2 player)
Population
200
Speed
Normal
Resources
Standard
Victory
Conquest
Starting age
Dark Age
Ending age
Imperial Age
RankedLock teamsTeams togetherTeam positionsShared explorationLock speedFull tech treeHidden civsTurbo modeCheats
Victory
Defeat
🇺🇸 Malians · United States
1069
+15
🇩🇪 Spanish · Germany
1052
-15
mglite
2:36 Loom
11:36 Feudal Age
12:18 Double-Bit Axe
20:10 Castle Age
19:11 Fletching
20:58 Bodkin Arrow
28:46 Bow Saw
29:13 Town Watch
31:20 Horse Collar
34:35 Wheelbarrow
37:06 Imperial Age
34:49 Gold Mining
35:24 Padded Archer Armor
35:17 Stone Mining
36:12 Forging
36:48 Scale Mail Armor
37:04 Leather Archer Armor
37:42 Ballistics
38:12 Iron Casting
38:13 Bracer
39:17 Chain Mail Armor
39:33 Ring Archer Armor
39:33 Conscription
40:02 Supremacy
39:59 Scale Barding Armor
41:50 Blast Furnace
42:19 Chemistry
42:23 Plate Mail Armor
41:30 Sappers
42:33 Guard Tower
42:28 Elite Conquistador
44:09 Chain Barding Armor
DrJacobsMD
6:34 Loom
9:37 Feudal Age
10:14 Double-Bit Axe
15:27 Fletching
17:38 Padded Archer Armor
22:04 Castle Age
20:37 Gold Mining
20:31 Horse Collar
22:06 Crossbowman
22:43 Bodkin Arrow
22:55 Thumb Ring
26:36 Elite Skirmisher
27:49 Leather Archer Armor
29:39 Bow Saw
31:36 Heavy Plow
32:28 Ballistics
32:02 Town Watch
33:02 Wheelbarrow
33:47 Gold Shaft Mining
37:43 Imperial Age
36:42 Hand Cart
37:45 Arbalester
39:04 Conscription
40:10 Ring Archer Armor
40:39 Hoardings
41:03 Tigui
42:33 Chemistry
41:44 Masonry
43:51 Architecture
Connection lost

Rejoining the realm…

Still unreachable

The connection could not be restored.

Session expired

The server has moved on; the page needs a fresh start.